Pick #1

Connor Bedard
Pick #2

Leo Carlsson
Pick #3

Adam Fantilli
Pick #4

Matvei Michkov
Pick #5

David Reinbacher
Pick #6

William Smith
Pick #7

Zachary Benson
Pick #8

Ryan Leonard
Pick #9

Gabriel Perreault
Pick #10

Axel Sandin-Pellika
Pick #11

Daniil But
Pick #12

Dalibor Dvorsky
Pick #13

Quentin Musty
Pick #14

Brayden Yager
Pick #15

Dmitry Simashev
Pick #16

Colby Barlow
Pick #17

Andrew Cristall
Pick #18

Easton Cowan
Pick #19

Jacob Fowler
Pick #20

Oliver Moore
Pick #21

Oliver Bonk
Pick #22

Tom Willander
Pick #23

Calum Ritchie
Pick #24

Tanner Molendyk
Pick #25

Gavin Brindley
Pick #26

Nate Danielson
Pick #27

Pick #28

Pick #29

Pick #30

Pick #31

Pick #32

Pick #33

Pick #34

Pick #35

Pick #36

Pick #37

Pick #38

Pick #39

Pick #40

Pick #41

Pick #42

Pick #43

Pick #44

Pick #45

Pick #46

Pick #47

Pick #48

Pick #49

Pick #50

Pick #51

Pick #52

Pick #53

Pick #54

Pick #55

Pick #56

Pick #57

Pick #58

Pick #59

Pick #60

Pick #61

Pick #62

Pick #63

Pick #64

Pick #65

Pick #66

Pick #67

Pick #68

Pick #69

Pick #70

Pick #71

Pick #72

Pick #73

Pick #74

Pick #75

Pick #76

Pick #77

Pick #78

Pick #79

Pick #80

Pick #81

Pick #82

Pick #83

Pick #84

Pick #85

Pick #86

Pick #87

Pick #88

Pick #89

Pick #90

Pick #91

Pick #92

Pick #93

Pick #94

Pick #95

Pick #96

Pick #97

Pick #98

Pick #99

Pick #100

Pick #101

Pick #102

Pick #103

Pick #104

Pick #105

Pick #106

Pick #107

Pick #108

Pick #109

Pick #110

Pick #111

Pick #112

Pick #113

Pick #114

Pick #115

Pick #116

Pick #117

Pick #118

Pick #119

Pick #120

Pick #121

Pick #122

Pick #123

Pick #124

Pick #125

Pick #126

Pick #127

Pick #128

Pick #129

Pick #130

Full Scoreboard »»

Devils vs BlackHawks

Created - January 11, 2024 at 20:24

Goals
1 2 3 T
Devils 0 1 2 3
BlackHawks 0 1 1 2
Shots
1 2 3 T
Devils 13 7 16 36
BlackHawks 4 9 9 22

GoalsPenalties
1st period
No Goal
No Penalty
2nd period
1. BlackHawks , Anders Lee 10 (Tyler Seguin 11, Ty Dellandrea 12) at 6:27
2. Devils , Dominik Kubalik 2 (Nicklas Backstrom 3, Kyle Okposo 1) at 10:36
Urho Vaakanainen (NJD) for Hooking (Minor) at 19:35
3rd period
3. Devils , Mathieu Joseph 8 (Justin Schultz 13, Mike Hoffman 8) at 5:27
4. BlackHawks , Andrei Kuzmenko 13 (Jaden Schwartz 9, Jordan Martinook 6) at 9:14
5. Devils , Chris Kreider 20 (Damon Severson 19, Sam Reinhart 25) at 19:50
Anders Lee (CHI) for Hooking (Minor) at 3:14
Goalie Stats
Andrei Vasilevskiy (NJD), 20 saves from 22 shots - (0.909), W, 15-6-4, 60:00 minutes
Marc-Andre Fleury (CHI), 33 saves from 36 shots - (0.917), L, 13-13-4, 60:00 minutes
3 StarsOfficial
1 - Dominik Kubalik (NJD)
2 - Chris Kreider (NJD)
3 - Mathieu Joseph (NJD)
Referees : Mike Sheehan and Brad Meier
Linesman : Andrew Smith and Shandor Alphonso
Game Note
Nick Leddy is injured at 3:23 of 1st period (Right Foot)
Finance
Level 1 -- Attendance: 6500 (100.00%) -- Ticket Income $715,000
Level 2 -- Attendance: 3703 (74.06%) -- Ticket Income $370,300
Level 3 -- Attendance: 2071 (59.17%) -- Ticket Income $176,035
Level 4 -- Attendance: 2234 (60.10%) -- Ticket Income $111,700
Luxury Box -- Attendance: 1000 (100.00%) -- Ticket Income $200,000
Game was played at the United Center.
Total Attendance: 15508 (78.65%)
Total Ticket Income: $1,573,035
Other Income: $393,259
Total Income: $1,966,294



Team Name Goals Shots Shots Attemp Shots Blocked PIM HIT PP PK FO%
Devils 3367762230 / 1 (0%)049%
BlackHawks 22243162170 / 1 (0%)051%

Devils
Player Name POS G A P +/- PIM HIT SHT SB MP PP MP PP SHT PK MP PK SHT FO% FOT
Chris KreiderLW1010031118:210:5200:0000% 1
Damon SeversonD0111001220:310:5101:0900% 0
Dominik KubalikLW101102204:120:0000:0800% 1
Dougie HamiltonD000-1022022:171:0810:5000% 0
Dylan CozensC0001002019:000:0001:24052% 21
Erik GustafssonD0001010120:310:5101:0900% 0
Evgeni MalkinC000-1016018:001:0700:00060% 25
Justin SchultzD0111021118:020:0000:5000% 0
Kyle OkposoRW011100005:280:0001:2400% 0
Mathieu JosephRW1011013018:030:0000:2700% 2
Matt BoldyLW000-1005018:001:0700:000100% 1
Mike HoffmanLW0111002017:360:0000:0000% 1
Mikhail SergachevD000-1020021:271:0800:0000% 0
Nicklas BackstromC011100104:390:0000:35029% 7
Nino NiederreiterRW000-1022018:001:0700:0000% 1
Sam ReinhartC0110015018:210:5200:00056% 18
Travis KonecnyRW0000023118:210:5200:0000% 1
Urho VaakanainenD0001240017:110:0000:0000% 0
BlackHawks
Player Name POS G A P +/- PIM HIT SHT SB MP PP MP PP SHT PK MP PK SHT FO% FOT
Anders LeeLW101-1211218:430:0000:000100% 1
Andrei KuzmenkoLW1011014116:210:0000:2900% 2
Braden SchneiderD0002030524:290:0000:2500% 0
Derek ForbortD0001000126:171:5901:0800% 0
Ivan BarbashevC000-1003020:251:5900:00048% 23
Jaden SchwartzC0111002015:590:0000:26043% 21
Jordan MartinookLW0111032119:160:0000:2400% 1
Justin BraunD000-3000125:031:5900:2600% 0
Kirill KaprizovLW000-1013025:031:5901:1900% 1
Marc-Edouard VlasicD0000010121:210:0000:4800% 0
Max DomiC000-1000023:441:5900:00050% 4
Nick LeddyD000000010:590:0000:0000% 0
Nick RitchieLW000000000:000:0000:0000% 0
Ryan DonatoC000000001:510:0001:040100% 1
Sonny MilanoLW000000000:160:0000:1600% 0
Ty DellandreaC011-1033018:440:0000:0000% 1
Tyler SeguinC011-1004018:440:0000:00067% 24
Zach BogosianD000-2040320:450:0001:1100% 0



Play-by-Play

1st period


0:01 of 1st period - Ivan Barbashev wins face-off versus Sam Reinhart in neutral zone.
0:39 of 1st period - Shot by Sam Reinhart.
0:39 of 1st period - Stopped by Marc-Andre Fleury without a rebound.
0:40 of 1st period - Tyler Seguin wins face-off versus Evgeni Malkin in BlackHawks zone.
1:06 of 1st period - Braden Schneider is hit by Nino Niederreiter and loses puck.
1:17 of 1st period - Shot by Matt Boldy.
1:17 of 1st period - Deflect By Evgeni Malkin.
1:17 of 1st period - Shot Misses the Net.
1:19 of 1st period - Shot by Erik Gustafsson.
1:19 of 1st period - Shot Misses the Net.
2:15 of 1st period - Icing by Mathieu Joseph.
2:16 of 1st period - Dylan Cozens wins face-off versus Jaden Schwartz in Devils zone.
2:36 of 1st period - Jordan Martinook is hit by Dougie Hamilton.
3:09 of 1st period - Off-side.
3:10 of 1st period - Evgeni Malkin wins face-off versus Ivan Barbashev in neutral zone.
3:23 of 1st period - Shot by Evgeni Malkin.
3:23 of 1st period - Shot Blocked by Nick Leddy.
3:23 of 1st period - Nick Leddy from BlackHawks is injured at 3:23 of 1st period (Right Foot).
3:24 of 1st period - Ivan Barbashev wins face-off versus Nicklas Backstrom in BlackHawks zone.
3:56 of 1st period - Icing by Justin Braun.
3:57 of 1st period - Ivan Barbashev wins face-off versus Dylan Cozens in BlackHawks zone.
4:36 of 1st period - Shot by Mathieu Joseph.
4:36 of 1st period - Shot Misses the Net.
5:02 of 1st period - Shot by Matt Boldy.
5:02 of 1st period - Stopped by Marc-Andre Fleury with a rebound.
5:07 of 1st period - Evgeni Malkin is hit by Braden Schneider and loses puck.
5:16 of 1st period - Shot by Evgeni Malkin.
5:16 of 1st period - Stopped by Marc-Andre Fleury without a rebound.
5:17 of 1st period - Tyler Seguin wins face-off versus Sam Reinhart in BlackHawks zone.
5:24 of 1st period - Ty Dellandrea is hit by Travis Konecny.
5:45 of 1st period - Off-side.
5:46 of 1st period - Jaden Schwartz wins face-off versus Evgeni Malkin in neutral zone.
5:49 of 1st period - Shot by Jordan Martinook.
5:49 of 1st period - Stopped by Andrei Vasilevskiy without a rebound.
5:50 of 1st period - Evgeni Malkin wins face-off versus Jaden Schwartz in Devils zone.
6:09 of 1st period - Shot by Andrei Kuzmenko.
6:09 of 1st period - Stopped by Andrei Vasilevskiy with a rebound.
7:05 of 1st period - Off-side.
7:06 of 1st period - Ivan Barbashev wins face-off versus Dylan Cozens in neutral zone.
7:09 of 1st period - Shot by Kirill Kaprizov.
7:09 of 1st period - Deflect By Ivan Barbashev.
7:09 of 1st period - Stopped by Andrei Vasilevskiy without a rebound.
7:10 of 1st period - Dylan Cozens wins face-off versus Ivan Barbashev in Devils zone.
7:25 of 1st period - Shot by Mathieu Joseph.
7:25 of 1st period - Stopped by Marc-Andre Fleury with a rebound.
8:41 of 1st period - Shot by Ty Dellandrea.
8:41 of 1st period - Shot Misses the Net.
8:53 of 1st period - Andrei Kuzmenko is hit by Travis Konecny and loses puck.
8:57 of 1st period - Jordan Martinook is hit by Sam Reinhart and loses puck.
9:01 of 1st period - Off-side.
9:02 of 1st period - Max Domi wins face-off versus Evgeni Malkin in neutral zone.
9:10 of 1st period - Icing by Nino Niederreiter.
9:11 of 1st period - Evgeni Malkin wins face-off versus Jaden Schwartz in Devils zone.
9:20 of 1st period - Shot by Matt Boldy.
9:20 of 1st period - Stopped by Marc-Andre Fleury with a rebound.
9:27 of 1st period - Jordan Martinook is hit by Mikhail Sergachev and loses puck.
10:38 of 1st period - Shot by Mike Hoffman.
10:38 of 1st period - Deflect By Dylan Cozens.
10:38 of 1st period - Stopped by Marc-Andre Fleury with a rebound.
10:45 of 1st period - Braden Schneider is hit by Mathieu Joseph.
11:03 of 1st period - Shot by Kirill Kaprizov.
11:03 of 1st period - Shot Blocked by Erik Gustafsson.
11:05 of 1st period - Shot by Kirill Kaprizov.
11:05 of 1st period - Stopped by Andrei Vasilevskiy without a rebound.
11:06 of 1st period - Tyler Seguin wins face-off versus Sam Reinhart in Devils zone.
11:31 of 1st period - Shot by Chris Kreider.
11:31 of 1st period - Shot Misses the Net.
11:33 of 1st period - Shot by Justin Schultz.
11:33 of 1st period - Stopped by Marc-Andre Fleury without a rebound.
11:34 of 1st period - Matt Boldy wins face-off versus Ivan Barbashev in BlackHawks zone.
12:03 of 1st period - Shot by Ivan Barbashev.
12:03 of 1st period - Shot Misses the Net.
12:35 of 1st period - Shot by Sam Reinhart.
12:35 of 1st period - Stopped by Marc-Andre Fleury without a rebound.
12:36 of 1st period - Tyler Seguin wins face-off versus Nicklas Backstrom in BlackHawks zone.
12:36 of 1st period - Tyler Seguin is hit by Dominik Kubalik.
12:50 of 1st period - Shot by Nicklas Backstrom.
12:50 of 1st period - Stopped by Marc-Andre Fleury with a rebound.
12:52 of 1st period - Shot by Damon Severson.
12:52 of 1st period - Stopped by Marc-Andre Fleury without a rebound.
12:53 of 1st period - Jaden Schwartz wins face-off versus Sam Reinhart in BlackHawks zone.
13:00 of 1st period - Icing by Justin Schultz.
13:01 of 1st period - Sam Reinhart wins face-off versus Tyler Seguin in Devils zone.
13:01 of 1st period - Sam Reinhart is hit by Anders Lee.
13:07 of 1st period - Shot by Travis Konecny.
13:07 of 1st period - Shot Misses the Net.
13:09 of 1st period - Shot by Sam Reinhart.
13:09 of 1st period - Stopped by Marc-Andre Fleury without a rebound.
13:10 of 1st period - Sam Reinhart wins face-off versus Tyler Seguin in BlackHawks zone.
13:15 of 1st period - Shot by Chris Kreider.
13:15 of 1st period - Shot Blocked by Anders Lee.
13:25 of 1st period - Shot by Chris Kreider.
13:25 of 1st period - Shot Misses the Net.
14:06 of 1st period - Travis Konecny is hit by Zach Bogosian and loses puck.
14:10 of 1st period - Icing by Zach Bogosian.
14:11 of 1st period - Dylan Cozens wins face-off versus Jordan Martinook in BlackHawks zone.
14:38 of 1st period - Icing by Dougie Hamilton.
14:39 of 1st period - Dylan Cozens wins face-off versus Jaden Schwartz in Devils zone.
15:02 of 1st period - Shot by Jaden Schwartz.
15:02 of 1st period - Shot Misses the Net.
15:15 of 1st period - Andrei Kuzmenko is hit by Mikhail Sergachev and loses puck.
15:57 of 1st period - Shot by Evgeni Malkin.
15:57 of 1st period - Stopped by Marc-Andre Fleury with a rebound.
15:59 of 1st period - Shot by Damon Severson.
15:59 of 1st period - Shot Misses the Net.
17:05 of 1st period - Shot by Travis Konecny.
17:05 of 1st period - Shot Blocked by Zach Bogosian.
17:20 of 1st period - Icing by Derek Forbort.
17:21 of 1st period - Tyler Seguin wins face-off versus Nicklas Backstrom in BlackHawks zone.
17:53 of 1st period - Dominik Kubalik is hit by Braden Schneider and loses puck.
17:58 of 1st period - Shot by Nicklas Backstrom.
17:58 of 1st period - Shot Misses the Net.
18:00 of 1st period - Shot by Dougie Hamilton.
18:00 of 1st period - Stopped by Marc-Andre Fleury without a rebound.
18:01 of 1st period - Ivan Barbashev wins face-off versus Travis Konecny in BlackHawks zone.
18:01 of 1st period - Ivan Barbashev is hit by Chris Kreider.
19:28 of 1st period - Matt Boldy is hit by Ty Dellandrea.
19:34 of 1st period - Shot by Nino Niederreiter.
19:34 of 1st period - Shot Misses the Net.
Goals for this period are 0 for Devils vs 0 for BlackHawks.
Shots for this period are 13 for Devils vs 4 for BlackHawks.

2nd period


0:01 of 2nd period - Max Domi wins face-off versus Dylan Cozens in neutral zone.
0:23 of 2nd period - Shot by Dylan Cozens.
0:23 of 2nd period - Shot Blocked by Derek Forbort.
0:37 of 2nd period - Shot by Mathieu Joseph.
0:37 of 2nd period - Shot Misses the Net.
0:56 of 2nd period - Off-side.
0:57 of 2nd period - Sam Reinhart wins face-off versus Ty Dellandrea in neutral zone.
1:31 of 2nd period - Icing by Braden Schneider.
1:32 of 2nd period - Tyler Seguin wins face-off versus Evgeni Malkin in BlackHawks zone.
1:40 of 2nd period - Off-side.
1:41 of 2nd period - Evgeni Malkin wins face-off versus Jaden Schwartz in neutral zone.
2:25 of 2nd period - Dougie Hamilton is hit by Jordan Martinook and loses puck.
3:00 of 2nd period - Shot by Max Domi.
3:00 of 2nd period - Shot Misses the Net.
3:30 of 2nd period - Shot by Ty Dellandrea.
3:30 of 2nd period - Stopped by Andrei Vasilevskiy without a rebound.
3:31 of 2nd period - Tyler Seguin wins face-off versus Sam Reinhart in Devils zone.
4:17 of 2nd period - Chris Kreider is hit by Jordan Martinook.
4:38 of 2nd period - Shot by Jaden Schwartz.
4:38 of 2nd period - Shot Misses the Net.
4:40 of 2nd period - Shot by Jordan Martinook.
4:40 of 2nd period - Shot Misses the Net.
4:42 of 2nd period - Shot by Jaden Schwartz.
4:42 of 2nd period - Shot Blocked by Travis Konecny.
4:50 of 2nd period - Shot by Jaden Schwartz.
4:50 of 2nd period - Stopped by Andrei Vasilevskiy without a rebound.
4:51 of 2nd period - Ivan Barbashev wins face-off versus Dylan Cozens in Devils zone.
6:25 of 2nd period - Shot by Tyler Seguin.
6:25 of 2nd period - Stopped by Andrei Vasilevskiy with a rebound.
6:27 of 2nd period - Shot by Anders Lee.
6:27 of 2nd period - Goal by Anders Lee - Devils : 0 - BlackHawks : 1.
6:28 of 2nd period - Nicklas Backstrom wins face-off versus Jaden Schwartz in neutral zone.
6:37 of 2nd period - Shot by Dominik Kubalik.
6:37 of 2nd period - Stopped by Marc-Andre Fleury without a rebound.
6:38 of 2nd period - Jaden Schwartz wins face-off versus Sam Reinhart in BlackHawks zone.
6:38 of 2nd period - Jaden Schwartz is hit by Chris Kreider.
6:48 of 2nd period - Shot by Jaden Schwartz.
6:48 of 2nd period - Deflect By Andrei Kuzmenko.
6:48 of 2nd period - Shot Misses the Net.
6:54 of 2nd period - Shot by Travis Konecny.
6:54 of 2nd period - Stopped by Marc-Andre Fleury without a rebound.
6:55 of 2nd period - Tyler Seguin wins face-off versus Dylan Cozens in BlackHawks zone.
7:19 of 2nd period - Shot by Tyler Seguin.
7:19 of 2nd period - Stopped by Andrei Vasilevskiy without a rebound.
7:20 of 2nd period - Evgeni Malkin wins face-off versus Ivan Barbashev in Devils zone.
7:36 of 2nd period - Icing by Ivan Barbashev.
7:37 of 2nd period - Ivan Barbashev wins face-off versus Dylan Cozens in BlackHawks zone.
7:58 of 2nd period - Shot by Max Domi.
7:58 of 2nd period - Deflect By Ivan Barbashev.
7:58 of 2nd period - Stopped by Andrei Vasilevskiy with a rebound.
8:16 of 2nd period - Mathieu Joseph is hit by Kirill Kaprizov and loses puck.
9:54 of 2nd period - Shot by Evgeni Malkin.
9:54 of 2nd period - Stopped by Marc-Andre Fleury without a rebound.
9:55 of 2nd period - Tyler Seguin wins face-off versus Dominik Kubalik in BlackHawks zone.
10:20 of 2nd period - Shot by Kyle Okposo.
10:20 of 2nd period - Shot Misses the Net.
10:32 of 2nd period - Shot by Dominik Kubalik.
10:32 of 2nd period - Shot Misses the Net.
10:36 of 2nd period - Shot by Dominik Kubalik.
10:36 of 2nd period - Goal by Dominik Kubalik - Devils : 1 - BlackHawks : 1.
10:37 of 2nd period - Evgeni Malkin wins face-off versus Jaden Schwartz in neutral zone.
10:39 of 2nd period - Damon Severson is hit by Jordan Martinook.
10:55 of 2nd period - Shot by Andrei Kuzmenko.
10:55 of 2nd period - Stopped by Andrei Vasilevskiy without a rebound.
10:56 of 2nd period - Jaden Schwartz wins face-off versus Dylan Cozens in Devils zone.
12:39 of 2nd period - Shot by Sam Reinhart.
12:39 of 2nd period - Shot Misses the Net.
13:34 of 2nd period - Kirill Kaprizov is hit by Urho Vaakanainen and loses puck.
13:42 of 2nd period - Icing by Urho Vaakanainen.
13:43 of 2nd period - Tyler Seguin wins face-off versus Evgeni Malkin in Devils zone.
13:43 of 2nd period - Tyler Seguin is hit by Urho Vaakanainen.
13:45 of 2nd period - Shot by Ty Dellandrea.
13:45 of 2nd period - Stopped by Andrei Vasilevskiy with a rebound.
13:57 of 2nd period - Nino Niederreiter is hit by Ty Dellandrea and loses puck.
14:01 of 2nd period - Icing by Urho Vaakanainen.
14:02 of 2nd period - Tyler Seguin wins face-off versus Nino Niederreiter in Devils zone.
14:14 of 2nd period - Shot by Matt Boldy.
14:14 of 2nd period - Shot Misses the Net.
14:16 of 2nd period - Shot by Matt Boldy.
14:16 of 2nd period - Stopped by Marc-Andre Fleury without a rebound.
14:17 of 2nd period - Dylan Cozens wins face-off versus Max Domi in BlackHawks zone.
15:22 of 2nd period - Chris Kreider is hit by Zach Bogosian and loses puck.
15:34 of 2nd period - Chris Kreider is hit by Zach Bogosian and loses puck.
15:50 of 2nd period - Shot by Sam Reinhart.
15:50 of 2nd period - Stopped by Marc-Andre Fleury without a rebound.
15:51 of 2nd period - Anders Lee wins face-off versus Evgeni Malkin in BlackHawks zone.
15:51 of 2nd period - Anders Lee is hit by Nino Niederreiter.
15:59 of 2nd period - Shot by Nino Niederreiter.
15:59 of 2nd period - Shot Misses the Net.
16:21 of 2nd period - Shot by Nino Niederreiter.
16:21 of 2nd period - Stopped by Marc-Andre Fleury without a rebound.
16:22 of 2nd period - Dylan Cozens wins face-off versus Tyler Seguin in BlackHawks zone.
16:34 of 2nd period - Icing by Derek Forbort.
16:35 of 2nd period - Tyler Seguin wins face-off versus Chris Kreider in BlackHawks zone.
16:46 of 2nd period - Shot by Tyler Seguin.
16:46 of 2nd period - Stopped by Andrei Vasilevskiy without a rebound.
16:47 of 2nd period - Jaden Schwartz wins face-off versus Evgeni Malkin in Devils zone.
18:49 of 2nd period - Icing by Justin Schultz.
18:50 of 2nd period - Dylan Cozens wins face-off versus Jaden Schwartz in Devils zone.
18:59 of 2nd period - Shot by Mike Hoffman.
18:59 of 2nd period - Shot Misses the Net.
19:10 of 2nd period - Jaden Schwartz is hit by Justin Schultz and loses puck.
19:20 of 2nd period - Jaden Schwartz is hit by Urho Vaakanainen and loses puck.
19:28 of 2nd period - Icing by Justin Schultz.
19:29 of 2nd period - Tyler Seguin wins face-off versus Mathieu Joseph in Devils zone.
19:35 of 2nd period - Minor Penalty to Urho Vaakanainen for Hooking.
19:36 of 2nd period - Ivan Barbashev wins face-off versus Dylan Cozens in Devils zone.
19:44 of 2nd period - Max Domi is hit by Erik Gustafsson and loses puck.
Goals for this period are 1 for Devils vs 1 for BlackHawks.
Shots for this period are 7 for Devils vs 9 for BlackHawks.

3rd period


0:01 of 3rd period - Ivan Barbashev wins face-off versus Dylan Cozens in neutral zone.
0:18 of 3rd period - Shot by Ivan Barbashev.
0:18 of 3rd period - Shot Misses the Net.
0:36 of 3rd period - Shot by Ivan Barbashev.
0:36 of 3rd period - Shot Blocked by Damon Severson.
1:42 of 3rd period - Chris Kreider is hit by Ty Dellandrea and loses puck.
1:49 of 3rd period - Shot by Sam Reinhart.
1:49 of 3rd period - Stopped by Marc-Andre Fleury without a rebound.
1:50 of 3rd period - Evgeni Malkin wins face-off versus Jaden Schwartz in BlackHawks zone.
1:53 of 3rd period - Shot by Nino Niederreiter.
1:53 of 3rd period - Shot Misses the Net.
2:00 of 3rd period - Icing by Braden Schneider.
2:01 of 3rd period - Jaden Schwartz wins face-off versus Sam Reinhart in BlackHawks zone.
2:12 of 3rd period - Shot by Sam Reinhart.
2:12 of 3rd period - Shot Blocked by Braden Schneider.
2:17 of 3rd period - Sam Reinhart is hit by Marc-Edouard Vlasic and loses puck.
3:06 of 3rd period - Shot by Evgeni Malkin.
3:06 of 3rd period - Stopped by Marc-Andre Fleury without a rebound.
3:07 of 3rd period - Tyler Seguin wins face-off versus Mathieu Joseph in BlackHawks zone.
3:14 of 3rd period - Minor Penalty to Anders Lee for Hooking.
3:15 of 3rd period - Evgeni Malkin wins face-off versus Kirill Kaprizov in BlackHawks zone.
4:54 of 3rd period - Off-side.
4:55 of 3rd period - Ryan Donato wins face-off versus Evgeni Malkin in neutral zone.
5:12 of 3rd period - Shot by Dougie Hamilton.
5:12 of 3rd period - Stopped by Marc-Andre Fleury without a rebound.
5:13 of 3rd period - Sam Reinhart wins face-off versus Andrei Kuzmenko in BlackHawks zone.
5:27 of 3rd period - Shot by Mathieu Joseph.
5:27 of 3rd period - Goal by Mathieu Joseph - Devils : 2 - BlackHawks : 1.
5:28 of 3rd period - Jaden Schwartz wins face-off versus Nicklas Backstrom in neutral zone.
5:28 of 3rd period - Andrei Kuzmenko is hit by Dominik Kubalik.
6:00 of 3rd period - Shot by Mikhail Sergachev.
6:00 of 3rd period - Shot Blocked by Jordan Martinook.
6:36 of 3rd period - Shot by Evgeni Malkin.
6:36 of 3rd period - Stopped by Marc-Andre Fleury without a rebound.
6:37 of 3rd period - Dylan Cozens wins face-off versus Ivan Barbashev in BlackHawks zone.
6:46 of 3rd period - Shot by Dylan Cozens.
6:46 of 3rd period - Deflect By Mike Hoffman.
6:46 of 3rd period - Stopped by Marc-Andre Fleury without a rebound.
6:47 of 3rd period - Evgeni Malkin wins face-off versus Ivan Barbashev in BlackHawks zone.
6:49 of 3rd period - Matt Boldy is hit by Braden Schneider.
6:56 of 3rd period - Icing by Ivan Barbashev.
6:57 of 3rd period - Ivan Barbashev wins face-off versus Mike Hoffman in BlackHawks zone.
7:02 of 3rd period - Shot by Kirill Kaprizov.
7:02 of 3rd period - Stopped by Andrei Vasilevskiy without a rebound.
7:03 of 3rd period - Evgeni Malkin wins face-off versus Max Domi in Devils zone.
7:41 of 3rd period - Kirill Kaprizov is hit by Dougie Hamilton and loses puck.
8:32 of 3rd period - Shot by Dylan Cozens.
8:32 of 3rd period - Shot Blocked by Braden Schneider.
8:34 of 3rd period - Shot by Damon Severson.
8:34 of 3rd period - Shot Blocked by Braden Schneider.
8:36 of 3rd period - Shot by Dylan Cozens.
8:36 of 3rd period - Shot Blocked by Anders Lee.
8:38 of 3rd period - Shot by Mike Hoffman.
8:38 of 3rd period - Stopped by Marc-Andre Fleury without a rebound.
8:39 of 3rd period - Sam Reinhart wins face-off versus Jaden Schwartz in BlackHawks zone.
9:01 of 3rd period - Jordan Martinook is hit by Urho Vaakanainen and loses puck.
9:08 of 3rd period - Shot by Jordan Martinook.
9:08 of 3rd period - Shot Misses the Net.
9:10 of 3rd period - Shot by Jaden Schwartz.
9:10 of 3rd period - Shot Misses the Net.
9:12 of 3rd period - Shot by Andrei Kuzmenko.
9:12 of 3rd period - Deflect By Jaden Schwartz.
9:12 of 3rd period - Shot Blocked by Justin Schultz.
9:14 of 3rd period - Shot by Andrei Kuzmenko.
9:14 of 3rd period - Goal by Andrei Kuzmenko - Devils : 2 - BlackHawks : 2.
9:15 of 3rd period - Tyler Seguin wins face-off versus Nicklas Backstrom in neutral zone.
9:17 of 3rd period - Off-side.
9:18 of 3rd period - Evgeni Malkin wins face-off versus Tyler Seguin in neutral zone.
9:46 of 3rd period - Shot by Mikhail Sergachev.
9:46 of 3rd period - Shot Blocked by Zach Bogosian.
9:48 of 3rd period - Shot by Mikhail Sergachev.
9:48 of 3rd period - Shot Misses the Net.
9:58 of 3rd period - Shot by Nino Niederreiter.
9:58 of 3rd period - Shot Misses the Net.
10:00 of 3rd period - Shot by Dougie Hamilton.
10:00 of 3rd period - Shot Blocked by Justin Braun.
10:02 of 3rd period - Shot by Nino Niederreiter.
10:02 of 3rd period - Stopped by Marc-Andre Fleury without a rebound.
10:03 of 3rd period - Ivan Barbashev wins face-off versus Sam Reinhart in BlackHawks zone.
10:03 of 3rd period - Ivan Barbashev is hit by Chris Kreider.
10:21 of 3rd period - Shot by Kirill Kaprizov.
10:21 of 3rd period - Stopped by Andrei Vasilevskiy without a rebound.
10:22 of 3rd period - Dylan Cozens wins face-off versus Jaden Schwartz in Devils zone.
10:49 of 3rd period - Shot by Dylan Cozens.
10:49 of 3rd period - Shot Blocked by Braden Schneider.
10:51 of 3rd period - Shot by Mathieu Joseph.
10:51 of 3rd period - Stopped by Marc-Andre Fleury without a rebound.
10:52 of 3rd period - Sam Reinhart wins face-off versus Ivan Barbashev in BlackHawks zone.
10:57 of 3rd period - Shot by Travis Konecny.
10:57 of 3rd period - Stopped by Marc-Andre Fleury with a rebound.
11:15 of 3rd period - Shot by Sam Reinhart.
11:15 of 3rd period - Shot Misses the Net.
11:31 of 3rd period - Shot by Chris Kreider.
11:31 of 3rd period - Deflect By Travis Konecny.
11:31 of 3rd period - Stopped by Marc-Andre Fleury without a rebound.
11:32 of 3rd period - Evgeni Malkin wins face-off versus Tyler Seguin in BlackHawks zone.
11:36 of 3rd period - Icing by Derek Forbort.
11:37 of 3rd period - Evgeni Malkin wins face-off versus Tyler Seguin in BlackHawks zone.
11:48 of 3rd period - Shot by Matt Boldy.
11:48 of 3rd period - Shot Misses the Net.
12:16 of 3rd period - Shot by Ty Dellandrea.
12:16 of 3rd period - Stopped by Andrei Vasilevskiy with a rebound.
13:31 of 3rd period - Shot by Ivan Barbashev.
13:31 of 3rd period - Shot Misses the Net.
13:33 of 3rd period - Shot by Kirill Kaprizov.
13:33 of 3rd period - Shot Misses the Net.
13:35 of 3rd period - Shot by Max Domi.
13:35 of 3rd period - Shot Blocked by Chris Kreider.
13:37 of 3rd period - Shot by Kirill Kaprizov.
13:37 of 3rd period - Shot Misses the Net.
13:39 of 3rd period - Shot by Ivan Barbashev.
13:39 of 3rd period - Shot Misses the Net.
13:41 of 3rd period - Shot by Ivan Barbashev.
13:41 of 3rd period - Stopped by Andrei Vasilevskiy without a rebound.
13:42 of 3rd period - Nicklas Backstrom wins face-off versus Andrei Kuzmenko in Devils zone.
13:50 of 3rd period - Shot by Jaden Schwartz.
13:50 of 3rd period - Shot Misses the Net.
13:52 of 3rd period - Shot by Jaden Schwartz.
13:52 of 3rd period - Stopped by Andrei Vasilevskiy with a rebound.
13:54 of 3rd period - Shot by Andrei Kuzmenko.
13:54 of 3rd period - Stopped by Andrei Vasilevskiy with a rebound.
14:10 of 3rd period - Shot by Nicklas Backstrom.
14:10 of 3rd period - Shot Misses the Net.
14:25 of 3rd period - Icing by Zach Bogosian.
14:26 of 3rd period - Jaden Schwartz wins face-off versus Dylan Cozens in BlackHawks zone.
14:31 of 3rd period - Justin Schultz is hit by Andrei Kuzmenko.
14:34 of 3rd period - Icing by Mathieu Joseph.
14:35 of 3rd period - Dylan Cozens wins face-off versus Ivan Barbashev in Devils zone.
15:16 of 3rd period - Mike Hoffman is hit by Zach Bogosian and loses puck.
15:53 of 3rd period - Justin Braun is hit by Evgeni Malkin and loses puck.
15:58 of 3rd period - Shot by Nino Niederreiter.
15:58 of 3rd period - Deflect By Evgeni Malkin.
15:58 of 3rd period - Stopped by Marc-Andre Fleury without a rebound.
15:59 of 3rd period - Sam Reinhart wins face-off versus Tyler Seguin in BlackHawks zone.
16:02 of 3rd period - Shot by Sam Reinhart.
16:02 of 3rd period - Shot Blocked by Marc-Edouard Vlasic.
16:27 of 3rd period - Shot by Anders Lee.
16:27 of 3rd period - Deflect By Tyler Seguin.
16:27 of 3rd period - Stopped by Andrei Vasilevskiy without a rebound.
16:28 of 3rd period - Evgeni Malkin wins face-off versus Ivan Barbashev in Devils zone.
16:37 of 3rd period - Shot by Matt Boldy.
16:37 of 3rd period - Stopped by Marc-Andre Fleury without a rebound.
16:38 of 3rd period - Jaden Schwartz wins face-off versus Evgeni Malkin in BlackHawks zone.
17:02 of 3rd period - Shot by Evgeni Malkin.
17:02 of 3rd period - Shot Misses the Net.
17:16 of 3rd period - Shot by Matt Boldy.
17:16 of 3rd period - Stopped by Marc-Andre Fleury without a rebound.
17:17 of 3rd period - Sam Reinhart wins face-off versus Ivan Barbashev in BlackHawks zone.
17:32 of 3rd period - Shot by Travis Konecny.
17:32 of 3rd period - Shot Misses the Net.
18:00 of 3rd period - Shot by Ivan Barbashev.
18:00 of 3rd period - Shot Blocked by Damon Severson.
18:27 of 3rd period - Tyler Seguin is hit by Justin Schultz and loses puck.
18:35 of 3rd period - Icing by Mathieu Joseph.
18:36 of 3rd period - Dylan Cozens wins face-off versus Jaden Schwartz in Devils zone.
18:47 of 3rd period - Shot by Jordan Martinook.
18:47 of 3rd period - Stopped by Andrei Vasilevskiy with a rebound.
19:04 of 3rd period - Shot by Mathieu Joseph.
19:04 of 3rd period - Shot Misses the Net.
19:06 of 3rd period - Shot by Justin Schultz.
19:06 of 3rd period - Shot Blocked by Andrei Kuzmenko.
19:14 of 3rd period - Shot by Mike Hoffman.
19:14 of 3rd period - Shot Blocked by Zach Bogosian.
19:16 of 3rd period - Shot by Mike Hoffman.
19:16 of 3rd period - Deflect By Dylan Cozens.
19:16 of 3rd period - Stopped by Marc-Andre Fleury without a rebound.
19:17 of 3rd period - Tyler Seguin wins face-off versus Evgeni Malkin in BlackHawks zone.
19:19 of 3rd period - Icing by Anders Lee.
19:20 of 3rd period - Evgeni Malkin wins face-off versus Tyler Seguin in BlackHawks zone.
19:27 of 3rd period - Shot by Matt Boldy.
19:27 of 3rd period - Shot Blocked by Braden Schneider.
19:36 of 3rd period - Off-side.
19:37 of 3rd period - Sam Reinhart wins face-off versus Ivan Barbashev in neutral zone.
19:50 of 3rd period - Shot by Chris Kreider.
19:50 of 3rd period - Goal by Chris Kreider - Devils : 3 - BlackHawks : 2.
19:51 of 3rd period - Sam Reinhart wins face-off versus Ivan Barbashev in neutral zone.
Goals for this period are 2 for Devils vs 1 for BlackHawks.
Shots for this period are 16 for Devils vs 9 for BlackHawks.